 Dungeon Crawl Stone Soup version 0.14-b1-12-g1e0207d (webtiles) character file.

55 RepoMan the Sneak (level 3, 18/18 HPs)
             Began as a Vine Stalker Assassin on Mar 31, 2014.
             Got out of the dungeon alive.
             The game lasted 00:09:29 (822 turns).

RepoMan the Sneak (Vine Stalker Assassin)            Turns: 822, Time: 00:09:29

HP  18/18        AC  3     Str 13      XL: 3   Next: 29%
MP   4/4         EV 12     Int 11      God:
Gold 22          SH  0     Dex 16      Spells:  0 memorised,  2 levels left

rFire  . . .     SeeInvis .     a - +2 dagger
rCold  . . .     Clarity  .     c - +0 robe
rNeg   . . .     Conserve .     (no shield)
rPois  .         rCorr    .     (no helmet)
rElec  .         rRot     +     d - +0 cloak
SustAb . .       Spirit   +     (no gloves)
rMut   .         Warding  .     (no boots)
Saprov . . .     Stasis   .     (no amulet)
MR     .....                    (no ring)
                                (no ring)

@: not resistant to hostile enchantments, quite stealthy
A: fangs 2, regeneration 1, magic shield, antimagic bite, no device heal
a: no special abilities


You escaped.
You were not hungry.

You visited 1 branch of the dungeon, and saw 2 of its levels.

You collected 22 gold pieces.

Inventory:

Hand weapons
 a - a +2,+2 dagger (weapon)
 b - a +0 blowgun
Missiles
 e - 4 poisoned needles
 f - 2 curare-tipped needles
Armour
 c - a +0 robe (worn)
 d - a +0 cloak (worn)
 j - a +0 leather armour
 m - a +0 leather armour
Comestibles
 g - a bread ration
Scrolls
 h - 4 scrolls of blinking {unknown}
 k - a scroll of immolation {unknown}
 l - 2 scrolls of random uselessness {unknown}
 p - a scroll of remove curse {unknown}
Potions
 i - a potion of invisibility {unknown}


   Skills:
 + Level 2.0 Fighting
 * Level 2.2 Short Blades
 - Level 1.7 Throwing
 + Level 1.0 Dodging
 * Level 5.6 Stealth


You had 2 spell levels left.
You didn't know any spells.

Dungeon Overview and Level Annotations

Branches:
Dungeon (2/15)

Altars:
Sif Muna

Annotations:
D:2 Sigmund


Innate Abilities, Weirdness & Mutations

You are immune to rotting.
You have extremely sharp teeth.
Your natural rate of healing is unusually fast.
When hurt, damage is shared between your health and your magic reserves.
Your bite disrupts and absorbs the magic of your enemies.
Potions and wands cannot restore your HP.


Message History

The jackal bites you.
You closely miss the jackal. You bite the jackal. You drain its power.
You kill the jackal!
You hit the jackal.
The jackal is severely wounded.
The jackal bites you. The jackal closely misses you.
You barely miss the jackal.
The jackal is severely wounded.
The jackal closely misses you.
You hit the jackal.
You kill the jackal!
(D) Dungeon
Where to? (Enter - D:1 @ (x,y), ? - help) HP restored.
Magic restored.
There is a staircase leading out of the dungeon here.
Are you sure you want to leave the Dungeon?
This will make you lose the game! [Y]es or [N]o only, please.
Are you sure you want to leave the Dungeon?
This will make you lose the game!
You have escaped!

#...............#
###...##.##.###.# ###
#...##.##.....# #..
######...#####.#.#.### #..
.....%.....#.........# #..
#######..###.#.#.#.#.#### #..
#######........#.#......#######..
.........#.#.###.###.#.#.........
.....##..#......@......########..
.....##..#.#.###.###.#.## #..
.....##........#.#......# #..
.....##..###.#.#.#.#.#### #..
...........#.........# ##.
#######....###.#.#.#### #.
##...........#.....##.##########.
.#...........#.###.#.............
.#...............##.#...########.


There were no monsters in sight!

Vanquished Creatures
  A giant gecko (D:1)
  3 bats (D:1)
  4 goblins (D:1)
  5 hobgoblins (D:1)
  3 jackals (D:1)
  A quokka (D:2)
  A giant newt (D:1)
  6 kobolds
  6 rats (D:1)
30 creatures vanquished.

Notes
Turn   | Place    | Note
--------------------------------------------------------------
     0 | D:1      | RepoMan, the Vine Stalker Assassin, began the quest for the Orb.
     0 | D:1      | Reached XP level 1. HP: 11/11 MP: 1/1
   190 | D:1      | Reached skill level 5 in Stealth
   190 | D:1      | Reached XP level 2. HP: 13/15 MP: 0/3
   247 | D:1      | Reached skill level 1 in Dodging
   453 | D:1      | Reached XP level 3. HP: 18/18 MP: 4/4
   596 | D:2      | Noticed Sigmund
   674 | D:2      | Found a deep blue altar of Sif Muna.
   744 | D:2      | Upgraded the game from 0.14-b1-2-g50dc152 to 0.14-b1-12-g1e0207d
   822 | D:$      | Got out of the dungeon alive.

Action                   || total
-------------------------++-------
Melee: Dagger            ||    73
 Fire: Blowgun           ||     4
 Stab: Sleeping          ||     5
